 Dungeon Crawl Stone Soup version 0.23.2-1-ga50397a6bc (webtiles) character file.

Game seed: 10405625502949844543

13981 Kobolds4U the Slicer (level 11, -10/52 HPs)
             Began as a Spriggan Assassin on May 31, 2019.
             Was a High Priest of Okawaru.
             Mangled by a skeletal warrior
             ... wielding a +0 flail
              (27 damage)
             ... on level 12 of the Dungeon.
             The game lasted 00:44:08 (14759 turns).

Kobolds4U the Slicer (Spriggan Assassin)           Turns: 14759, Time: 00:44:09

Health: -10/52     AC:  6    Str:  7    XL:     11   Next: 82%
Magic:  15/15      EV: 27    Int: 12    God:    Okawaru [*****.]
Gold:   716        SH: 17    Dex: 22    Spells: 10/10 levels left

rFire    . . .     SeeInvis +   c - +4 short sword (holy)
rCold    + . .     Gourm    .   U - +1 buckler {AC+3}
rNeg     + . .     Faith    .   O - +0 robe {rC+}
rPois    .         Spirit   .   F - +0 hat
rElec    .         Reflect  +   d - +0 cloak
rCorr    +         Harm     .   (gloves unavailable)
MR       +....                  (boots unavailable)
Stlth    +++++.....             V - brooch of Shielding {Reflect SH+8}
HPRegen  0.17/turn              Y - ring of positive energy
MPRegen  0.14/turn              N - ring of resist corrosion

@: very quick
A: very small, unfitting armour, see invisible, herbivore, speed 3, slow
metabolism 2
a: Heroism, Finesse, Renounce Religion


You were on level 12 of the Dungeon.
You worshipped Okawaru.
Okawaru was extremely pleased with you.
You were hungry.

You visited 2 branches of the dungeon, and saw 13 of its levels.
You also visited: Sewer.

You collected 823 gold pieces.
You spent 107 gold pieces at shops.

Inventory:

Hand Weapons
 a - a +5 rapier of draining
 b - a +0 blowgun
 c - a +4 short sword of holy wrath (weapon)
 h - a +2 dagger
 s - a +0 shortbow
 R - a +1 scimitar
 T - a +4 short sword
Missiles
 e - 14 poisoned needles
 j - 6 tomahawks of dispersal
 t - 130 arrows
 v - 8 needles of sleeping
 y - 9 needles of confusion
 E - 4 steel tomahawks (quivered)
 H - 10 curare-tipped needles
Armour
 d - a +0 cloak (worn)
 F - a +0 hat (worn)
 G - a +0 robe
 O - a +0 robe of cold resistance (worn)
 U - a +1 buckler of protection (worn)
Jewellery
 D - an uncursed ring of magical power
 K - an uncursed ring of magical power
 N - a ring of resist corrosion (right hand)
 V - the brooch of Shielding (around neck) {Reflect SH+8}
   (You found it on level 10 of the Dungeon)

   [amulet of reflection]

   It shields you and reflects attacks.
   It affects your SH (+8).
 Y - a ring of positive energy (left hand)
Wands
 i - a wand of flame (67)
 n - a wand of disintegration (9)
 C - a wand of digging (7)
 L - a wand of acid (16)
 S - a wand of iceblast (6)
Scrolls
 k - 4 scrolls of remove curse
 q - 7 scrolls of teleportation
 r - 4 scrolls of magic mapping
 u - 4 scrolls of amnesia
 w - 2 scrolls of blinking
 A - a scroll of holy word
 J - 2 scrolls of immolation
 P - 2 scrolls of noise {unknown}
 Q - a scroll of enchant armour {unknown}
Potions
 f - a potion of resistance
 l - 5 potions of curing
 m - 2 potions of flight
 o - a potion of heal wounds
 p - a potion of haste {unknown}
 x - 2 potions of invisibility
 z - 3 potions of brilliance
 B - a potion of ambrosia {unknown}
 I - a potion of mutation {unknown}
 M - 4 potions of lignification
 W - a potion of agility {unknown}
Miscellaneous
 X - a phial of floods
Comestibles
 g - 16 rations


   Skills:
 * Level 3.0 Fighting
 - Level 14.0 Short Blades
 - Level 5.4 Throwing
 - Level 9.1 Dodging
 - Level 12.0 Stealth
 * Level 5.2 Shields
 - Level 5.0 Invocations


You had 10 spell levels left.
You didn't know any spells.
Your spell library contained the following spells:

 Spells                   Type           Power        Failure   Level  Hunger
 Apportation              Tloc           #.....       36%         1    ##.....
 Beastly Appendage        Tmut           #.....       36%         1    ##.....
 Summon Butterflies       Summ           #.......     36%         1    ##.....
 Sticks to Snakes         Tmut           #.......     50%         2    ###....
 Lesser Beckoning         Tloc           #.........   75%         3    ####...
 Spider Form              Tmut/Pois      #.........   75%         3    ####...
 Tukima's Dance           Hex            #.......     75%         3    ####...
 Ice Form                 Ice/Tmut       #.......     98%         4    #####..
 Alistair's Intoxication  Tmut/Pois      #.......     100%        5    ######.
 Blade Hands              Tmut           #.........   100%        5    ######.
 Invisibility             Hex            #.......     100%        6    #######
 Malign Gateway           Summ/Tloc      #.........   100%        7    #######
 Monstrous Menagerie      Summ           #.........   100%        7    #######
 Summon Greater Demon     Summ           #.........   100%        7    #######
 Summon Horrible Things   Summ           #.........   100%        8    #######


Dungeon Overview and Level Annotations

Branches:
Dungeon (12/15)            Temple (1/1) D:6            Lair (0/6) D:10
    Orc (0/2) D:9

Altars:
Ashenzari
Cheibriados
Dithmenos
Elyvilon
Fedhas
Gozag
Hepliaklqana
Kikubaaqudgha
Makhleb
Nemelex Xobeh
Okawaru
Qazlal
Ru
Sif Muna
Trog
Uskayaw
Vehumet
Wu Jian
Xom
Yredelemnul
Zin
The Shining One

Shops:
D:5 %   D:12 }[

Portals:
Trove: D:12 (give 16 scrolls of teleportation)

Annotations:
D:10 exclusion: oklob plant


Innate Abilities, Weirdness & Mutations

You are very small and have problems with some larger weapons.
You are too small for most types of armour.
You have supernaturally acute eyesight. (SInv)
You are a herbivore.
You cover ground extremely quickly.
You need to consume almost no food.


Message History

You block the skeletal warrior's attack.
You hit the skeletal warrior.
The skeletal warrior convulses.
The skeletal warrior is heavily damaged.
You hit the skeletal warrior but do no damage.
The skeletal warrior is heavily damaged.
You block the skeletal warrior's attack.
The skeletal warrior hits you from afar with a +0 halberd.
You hit the skeletal warrior but do no damage.
The skeletal warrior is heavily damaged.
You barely miss the skeletal warrior.
The skeletal warrior is heavily damaged.
You block the skeletal warrior's attack.
The skeletal warrior misses you.
You hit the skeletal warrior but do no damage.
The skeletal warrior is heavily damaged.
You barely miss the skeletal warrior.
The skeletal warrior is heavily damaged.
The skeletal warrior hits you with a +0 flail!!
Ouch! That really hurt!
You die...

#########
######........
..#z..z......
###
#.#z#.%......
..#
#.#@#.....!..
#....
###...#..z.....
#
#...###........
#.###.###
###.#####
#.......# ..
######.## ##.
###.....# ##
#..(#####
####'#####


You could see 2 skeletal warriors.

Vanquished Creatures
  A hydra (D:10)
  4 two-headed ogres
  Sonja (D:11)
  3 unseen horrors
  An ugly thing (D:11)
  A cyclops (D:12)
  Maurice (D:9)
  A centaur zombie (D:10)
  A gargoyle (D:12)
  2 hippogriffs
  A wyvern (D:7)
  A wraith (D:12)
  2 chaos spawn (D:11)
  A hungry ghost (D:8)
  Eustachio (D:6)
  Menkaure (D:7)
  A water moccasin (D:10)
  3 ice beasts
  2 orc warriors
  4 sky beasts
  4 phantoms
  2 black bears
  A necrophage (D:7)
  6 ogres
  4 centaurs
  A crocodile (Sewer)
  A big kobold (D:9)
  Blork the orc (D:4)
  5 bullfrogs
  A gnoll sergeant (D:10)
  A wyvern skeleton (D:10)
  3 scorpions (D:6)
  13 killer bees
  3 wights (D:8)
  4 howler monkeys
  A vampire bat (D:5)
  3 crimson imps
  A bullfrog zombie (D:9)
  8 hounds
  5 orc priests
  A jelly (D:7)
  3 bullfrog skeletons
  3 centaur skeletons
  6 orc wizards
  2 iguanas
  Jessica (D:2)
  8 worker ants
  A hound zombie (D:7)
  11 gnolls
  A river rat (D:3)
  13 adders
  2 shadow imps
  An ooze (D:3)
  2 adder skeletons
  A worm (D:6)
  4 dart slugs
  5 leopard geckos
  29 orcs
  5 bat skeletons (D:5)
  A bat zombie (D:5)
  5 giant cockroaches
  10 hobgoblins
  13 jackals
  6 quokkas
  2 ball pythons
  5 bats
  4 frilled lizards
  11 goblins
  10 kobolds
  A leopard gecko skeleton (D:7)
  8 rats
276 creatures vanquished.

Vanquished Creatures (others)
  A goblin (D:6)
  3 plants (D:12)
4 creatures vanquished.

Grand Total: 280 creatures vanquished

Notes
Turn   | Place    | Note
-------+----------+-------------------------------------------
     0 | D:1      | Kobolds4U the Spriggan Assassin began the quest for the
                  | Orb.
     0 | D:1      | Reached XP level 1. HP: 10/10 MP: 2/2
     3 | D:1      | Noticed an electric eel
     3 | D:1      | Noticed an electric eel
   221 | D:1      | Reached XP level 2. HP: 15/15 MP: 3/3
   812 | D:1      | Reached XP level 3. HP: 18/18 MP: 4/4
  1028 | D:2      | Reached skill level 3 in Short Blades
  1206 | D:2      | Reached XP level 4. HP: 19/23 MP: 5/5
  1310 | D:2      | Noticed Jessica
  1312 | D:2      | Killed Jessica
  1459 | D:2      | Reached skill level 4 in Short Blades
  1824 | D:2      | Found a white marble altar of Elyvilon.
  1877 | D:3      | Found a hazy altar of Hepliaklqana.
  1936 | D:3      | Reached XP level 5. HP: 26/26 MP: 6/6
  1989 | D:3      | Noticed a centaur
  1995 | D:3      | Killed a centaur
  1995 | D:3      | Reached skill level 5 in Short Blades
  2224 | D:3      | Found a snail-covered altar of Cheibriados.
  2224 | D:3      | Found a burning altar of Makhleb.
  2241 | D:3      | Found an iron altar of Okawaru.
  2243 | D:3      | Found a shadowy altar of Dithmenos.
  2264 | D:3      | Found a radiant altar of Vehumet.
  2265 | D:3      | Found a shimmering altar of Xom.
  2269 | D:3      | Became a worshipper of Warmaster Okawaru
  2286 | D:3      | Reached XP level 6. HP: 20/30 MP: 7/7
  2579 | D:3      | Found a glowing drain.
  2583 | Sewer    | Entered a sewer
  2700 | Sewer    | HP: 1/30 [crocodile (8)]
  3255 | D:4      | Noticed a two-headed ogre
  3310 | D:4      | Killed a two-headed ogre
  3310 | D:4      | Reached * piety under Okawaru
  3310 | D:4      | Reached ** piety under Okawaru
  3310 | D:4      | Reached skill level 8 in Short Blades
  3310 | D:4      | Reached skill level 5 in Throwing
  3310 | D:4      | Reached XP level 7. HP: 19/35 MP: 8/8
  3310 | D:4      | Reached XP level 8. HP: 21/39 MP: 9/9
  3648 | D:4      | Noticed Blork the orc
  3673 | D:4      | Killed Blork the orc
  3703 | D:4      | Found a deep blue altar of Sif Muna.
  3746 | D:4      | Reached skill level 1 in Invocations
  3830 | D:4      | Found a blossoming altar of Fedhas.
  3862 | D:4      | Reached *** piety under Okawaru
  3987 | D:4      | You fall through a shaft!
  3987 | D:5      | Entered Level 5 of the Dungeon
  4052 | D:4      | Received a gift from Okawaru
  4071 | D:4      | Reached skill level 9 in Short Blades
  4096 | D:4      | Found a glowing silver altar of Zin.
  4577 | D:5      | Found Tuzorph's Food Shoppe.
  4645 | D:5      | Found a glowing golden altar of the Shining One.
  4665 | D:5      | Reached skill level 5 in Dodging
  5227 | D:5      | Found an ancient bone altar of Kikubaaqudgha.
  5492 | D:6      | Reached XP level 9. HP: 42/42 MP: 13/13
  5534 | D:6      | Received a gift from Okawaru
  5949 | D:6      | Noticed Eustachio
  6160 | D:6      | Killed Eustachio
  6160 | D:6      | Reached skill level 5 in Invocations
  6162 | D:6      | Reached skill level 10 in Short Blades
  6427 | D:6      | Found a bloodstained altar of Trog.
  6486 | D:6      | Found a staircase to the Ecumenical Temple.
  6519 | Temple   | Entered the Ecumenical Temple
  7302 | D:7      | Noticed Menkaure
  7313 | D:7      | Killed Menkaure
  7687 | D:7      | Reached **** piety under Okawaru
  7687 | D:7      | Received a gift from Okawaru
  7779 | D:7      | Reached skill level 11 in Short Blades
  7786 | D:7      | Found a hide-covered altar of Uskayaw.
  8304 | D:8      | Reached XP level 10. HP: 27/46 MP: 14/14
  8739 | D:8      | Found a shattered altar of Ashenzari.
  8743 | D:8      | Saw a vision of the Shoals and the Spider Nest.
  8743 | D:8      | Noticed a sea snake
  8743 | D:8      | Noticed a wolf spider
  8743 | D:8      | Noticed a wolf spider
  8916 | D:9      | Found a staircase to the Orcish Mines.
  9208 | D:9      | Reached skill level 12 in Short Blades
  9218 | D:9      | Noticed Maurice
  9221 | D:9      | Killed Maurice
  9221 | D:9      | Reached ***** piety under Okawaru
  9804 | D:9      | Noticed a two-headed ogre
  9843 | D:9      | Killed a two-headed ogre
  9843 | D:9      | Received a gift from Okawaru
  9848 | D:9      | Received a gift from Okawaru
 10087 | D:10     | Entered Level 10 of the Dungeon
 10294 | D:10     | Reached skill level 13 in Short Blades
 10519 | D:10     | Noticed a six-headed hydra
 10556 | D:10     | Killed a six-headed hydra
 10556 | D:10     | Reached skill level 10 in Stealth
 10849 | D:10     | Received a gift from Okawaru
 11046 | D:10     | Noticed an unseen horror
 11063 | D:10     | Killed an unseen horror
 11063 | D:10     | Reached skill level 1 in Shields
 11063 | D:10     | Reached XP level 11. HP: 29/50 MP: 15/15
 11222 | D:10     | Received a gift from Okawaru
 11369 | D:10     | Noticed an oklob plant
 11376 | D:10     | Found a staircase to the Lair.
 11670 | D:10     | Found the brooch of Shielding {Reflect SH+8}
 11987 | D:10     | Noticed a two-headed ogre
 12018 | D:10     | Killed a two-headed ogre
 12187 | D:11     | Found a shimmering altar of Xom.
 12188 | D:11     | Found the +7 mace of Variability {chain chaos}
 12198 | D:11     | Reached skill level 14 in Short Blades
 12295 | D:11     | Noticed a two-headed ogre
 12421 | D:11     | Killed a two-headed ogre
 12724 | D:11     | Noticed an unseen horror
 12728 | D:11     | Killed an unseen horror
 12961 | D:11     | Noticed Sonja
 12968 | D:11     | Killed Sonja
 13113 | D:11     | Noticed a green ugly thing
 13139 | D:11     | Killed a green ugly thing
 13678 | D:12     | Found a portal to a secret trove of treasure.
 13858 | D:12     | Found Qohid's Gadget Emporium.
 14098 | D:12     | Identified a scroll of acquirement
 14525 | D:12     | Noticed an unseen horror
 14527 | D:12     | Found Wiux's Antique Armour Shop.
 14532 | D:12     | Killed an unseen horror
 14532 | D:12     | Reached skill level 5 in Shields
 14553 | D:12     | Bought a runed robe for 107 gold pieces
 14709 | D:12     | Noticed a skeletal warrior
 14709 | D:12     | Noticed a skeletal warrior
 14710 | D:12     | Noticed a skeletal warrior
 14710 | D:12     | Noticed a skeletal warrior
 14759 | D:12     | Mangled by a skeletal warrior

Skill      XL: |  1  2  3  4  5  6  7  8  9 10 11 |
---------------+----------------------------------+-----
Dodging        | 2 3 5 8 9 |  9.1
Stealth        | 6 7 10 12 | 12.0
Fighting       | 2 3 |  3.0
Short Blades   | 3 4 5 8 9 11 13 14 | 14.0
Throwing       | 3 5 |  5.4
Invocations    | 4 5 |  5.0
Shields        | 1 5 |  5.2

Action                   |  1- 3 |  4- 6 |  7- 9 | 10-12 || total
-------------------------+-------+-------+-------+-------++-------
Melee: Dagger            |     8 |       |       |       ||     8
       Short sword       |    89 |   139 |   206 |    60 ||   494
       Rapier            |       |       |   139 |   378 ||   517
 Fire: Blowgun           |     5 |    33 |    30 |    73 ||   141
Throw: Tomahawk          |       |       |       |     6 ||     6
  Use: Potion            |       |     1 |       |     1 ||     2
       Scroll            |       |       |    11 |    12 ||    23
 Stab: Sleeping          |    13 |    13 |    30 |    24 ||    80
       Distracted        |       |     1 |     2 |     2 ||     5
  Eat: Ration            |       |       |     2 |     4 ||     6
Armor: Robe              |    18 |     4 |     9 |     8 ||    39
Dodge: Dodged            |    58 |    88 |   189 |   261 ||   596
Block: Other             |       |       |       |    34 ||    34
       Buckler           |       |       |       |    23 ||    23
       Reflection        |       |       |       |     1 ||     1
